 Dungeon Crawl Stone Soup version 0.28-a0-69-g49dcd67cf8 (webtiles) character file.

Game seed: 2607057568817490986

24420 nelgraf2 the Martial Artist (level 12, -6/94 HPs)
             Began as a Grey Draconian Transmuter on July 27, 2021.
             Was an Elder of Sif Muna.
             Mangled by a yak (7 damage)
             ... on level 3 of the Lair of Beasts on July 31, 2021.
             The game lasted 01:03:34 (19941 turns).

nelgraf2 the Martial Artist (DrTm)                 Turns: 19941, Time: 01:03:35

Health: -6/94      AC: 20    Str: 13    XL:     12   Next: 80%
Magic:  19/25      EV: 16    Int: 18    God:    Sif Muna [****..]
Gold:   191        SH:  5    Dex: 16    Spells: 11/29 levels left

rFire   . . .      SeeInvis .     - Unarmed
rCold   + . .      Faith    .   (no shield)
rNeg    + . .      Spirit   .   (armour unavailable)
rPois   .          Reflect  +   (helmet currently unavailable)
rElec   .          Harm     .   t - +2 cloak
rCorr   .          Rampage  .   y - +3 pair of gloves of Ratuf {rC+ Int+4}
Will    .....                   (boots currently unavailable)
Stlth   +.........              g - amulet of reflection
HPRegen 0.25/turn               c - ring of positive energy
MPRegen 0.19/turn               (no ring)

@: about to teleport, appendages
A: horns 2, talons 2, AC +13, amphibious, unfitting armour, cold-blooded
a: End Transformation, Renounce Religion, Channel Magic, Forget Spell, Divine
Exegesis


You were on level 3 of the Lair of Beasts.
You worshipped Sif Muna.
Sif Muna was greatly pleased with you.
You had temporarily grown beastly horns and talons.
You visited 3 branches of the dungeon, and saw 14 of its levels.

You collected 1418 gold pieces.
You spent 1227 gold pieces at shops.

Inventory:

Missiles
 w - 5 boomerangs of dispersal
Armour
 r - a +2 tower shield of protection
 t - a +2 cloak (worn)
 y - the +3 pair of gloves of Ratuf (worn) {rC+ Int+4}
   (You bought it in a shop on level 9 of the Dungeon)

   Int:       It affects your intelligence (+4).
   rC:        It protects you from cold.
 A - a +2 hat (melded)
 E - the +3 pair of seven-league boots (melded) {Rampage+∞}
   (You found it on level 1 of the Lair of Beasts)

   Its wearer moves as far as possible in that direction when moving towards
   enemies.
Jewellery
 c - a ring of positive energy (left hand)
 g - an amulet of reflection (around neck)
 D - a ring of ice
 F - the amulet "Josayx" {Acrobat Stlth+}
   (You found it on level 2 of the Lair of Beasts)

   [amulet of the acrobat]

   It increases your evasion while moving and waiting.
   Stlth:     It makes you more stealthy.
Wands
 h - a wand of polymorph (10)
 o - a wand of flame (27)
 p - a wand of paralysis (3)
Scrolls
 d - 4 scrolls of vulnerability
 e - 6 scrolls of teleportation
 l - 2 scrolls of identify
 n - a scroll of fog
 s - a scroll of amnesia
 u - 3 scrolls of enchant weapon
 v - a scroll of noise
 x - a scroll of holy word
 B - a scroll of enchant armour
 C - a scroll of brand weapon
Potions
 a - 7 potions of curing
 b - a potion of lignification
 f - 3 potions of attraction
 i - 2 potions of mutation
 j - 3 potions of haste
 k - 2 potions of berserk rage
 m - a potion of ambrosia
 q - a potion of magic
 z - 2 potions of flight


   Skills:
 + Level 5.5 Fighting
 + Level 8.4 Dodging
 - Level 4.4 Shields
 + Level 13.5 Unarmed Combat
 + Level 9.3 Spellcasting
 + Level 8.8 Transmutations
 + Level 0.3 Ice Magic
 - Level 0.2 Evocations


You had 11 spell levels left.
You knew the following spells:

 Your Spells              Type           Power      Damage    Failure   Level
a - Beastly Appendage     Tmut           80%        N/A       1%          1
b - Wereblood             Tmut           40%        N/A       1%          2
c - Spider Form           Tmut/Pois      12%        N/A       4%          3
d - Portal Projectile     Hex/Tloc       16%        N/A       26%         3
e - Ice Form              Ice/Tmut       25%        N/A       13%         4
f - Blade Hands           Tmut           20%        N/A       6%          5

Your spell library contained the following spells:

 Spells                   Type           Power      Damage    Failure   Level
 Ignite Poison            Fire/Tmut/Pois 19%        N/A       8%          3
 Magic Dart               Conj           32%        1d4       9%          1
 Searing Ray              Conj           16%        3d3       13%         2
 Call Canine Familiar     Summ           8%         N/A       26%         3
 Conjure Flame            Conj/Fire      8%         6-21      26%         3
 Dazzling Flash           Conj/Hex       16%        N/A       26%         3
 Tukima's Dance           Hex            8%         N/A       26%         3
 Yara's Violent Unravell  Hex/Tmut       12%        3d7       36%         5
 Fulminant Prism          Conj/Hex       4%         3d6       65%         4
 Leda's Liquefaction      Hex/Erth       4%         N/A       65%         4
 Passage of Golubria      Tloc           N/A        N/A       65%         4
 Sticky Flame             Conj/Fire      8%         2d3       65%         4
 Agony                    Necr           8%         N/A       94%         5
 Excruciating Wounds      Necr           4%         N/A       94%         5
 Silence                  Hex/Air        4%         N/A       94%         5


Dungeon Overview and Level Annotations

Branches:
Dungeon (9/15)             Temple (1/1) D:5            Lair (4/6) D:9
 Shoals (0/4) Lair:2       Spider (0/4) Lair:2          Orc (0/2) D:9

Altars:
Elyvilon
Fedhas
Gozag
Hepliaklqana
Kikubaaqudgha
Makhleb
Qazlal
Ru
Sif Muna
Vehumet
Xom
The Shining One

Shops:
D:6 ?[*?   D:9 [

Annotations:
Lair:3 3 runed translucent doors, Emecuovvich's ghost, journeyman OgBe; Rites's ghost, journeyman DjGl; Ylye's ghost, journeyman NaTm; mdk's ghost, journeyman DECj


Innate Abilities, Weirdness & Mutations

You have temporarily grown beastly horns and talons.
Your dull iron-grey scales are very hard. (AC +13)
You are amphibious.
You cannot fit into any form of body armour.
You are cold-blooded and may be slowed by cold attacks.


Message History

The eight-headed hydra misses you.
The eight-headed hydra bites you but does no damage. x2
The eight-headed hydra bites you!
The eight-headed hydra completely misses you.
You block the eight-headed hydra's attack.
The yak misses you.
You hit the yak. You headbutt the yak.
Your tail-slap misses the yak.
The yak is heavily wounded.
The eight-headed hydra bites you. The eight-headed hydra bites you!
The eight-headed hydra barely misses you.
You block the eight-headed hydra's attack.
The eight-headed hydra bites you but does no damage.
The eight-headed hydra closely misses you.
You block the eight-headed hydra's attack.
The eight-headed hydra bites you! The yak completely misses you.
Aiming: Paralyse
Press: ? - help, Shift-Dir - straight line, f - eight-headed hydra
Aim: an eight-headed hydra (chance to affect: 15%)
The eight-headed hydra resists with almost no effort.
The eight-headed hydra bites you!
* * * LOW HITPOINT WARNING * * *
You block the eight-headed hydra's attack.
The eight-headed hydra closely misses you. x2
The eight-headed hydra completely misses you.
The eight-headed hydra bites you but does no damage.
You block the eight-headed hydra's attack.
The eight-headed hydra bites you but does no damage.
The yak misses you.
As you read the scroll of teleportation, it crumbles to dust.
You feel strangely unstable.
You block the eight-headed hydra's attack.
The eight-headed hydra misses you. The eight-headed hydra bites you!
* * * LOW HITPOINT WARNING * * *
The eight-headed hydra bites you but does no damage. x3
The eight-headed hydra bites you.
* * * LOW HITPOINT WARNING * * *
The eight-headed hydra bites you!
* * * LOW HITPOINT WARNING * * *
The yak gores you!
You die...

.......##......P##....##...##...#
#.#..#.P##.....###.....##..#....#
.#.###.###......##......#PP.....#
.......# ##..P..##..............#
.......######...##..............#
.......P..##.#..##...............
.................................
###.............D................
)!##...........(@...............#
..8##..........Y................#
...?#...........................#
...[#.....##....##....###.#.....#
...8#...###....###....#.#.####...
...[#...###....###...##..........
+####....##.....##...##.....##...
...##..........###....#......#..#
...##....##P.#.##........#......#


You could see an eight-headed hydra and a yak.

Vanquished Creatures
  2 hydras (Lair:4)
  A boulder beetle (Lair:1)
  The ghost of hatdisgam the Basher, a novice OgBe of Trog (Temple)
  Pikel (D:7)
  A lindwurm (Lair:4)
  A merfolk siren (Lair:2)
  An elephant (Lair:1)
  3 black mambas
  8 cane toads
  A guardian serpent (Lair:1)
  6 komodo dragons
  A rime drake (Lair:3)
  2 merfolk (Lair:2)
  A troll (D:8)
  3 polar bears
  4 blink frogs (Lair:3)
  Sigmund (D:4)
  31 yaks
  A wyvern (Lair:3)
  Grum (D:8)
  2 basilisks (Lair:1)
  Eustachio (D:6)
  3 vampire mosquitoes (Lair:2)
  2 steam dragons
  An acid dragon (D:8)
  10 water moccasins
  3 orc warriors
  5 black bears
  3 necrophages
  A sky beast (D:8)
  5 ogres
  A centaur (D:8)
  19 wolves
  A kobold brigand (D:8)
  Blork the orc (D:5)
  10 bullfrogs
  A gnoll sergeant (D:5)
  3 scorpions
  6 killer bees
  4 wights (D:6)
  A howler monkey (D:8)
  6 centaur zombies
  2 jellies
  A hound (D:4)
  2 bullfrog skeletons
  A bullfrog zombie (D:6)
  A gnoll shaman (D:4)
  5 orc priests
  7 iguanas
  Natasha (twice) (D:3)
  9 orc wizards
  A scorpion zombie (D:5)
  A hound skeleton (D:5)
  Robin (D:4)
  4 adders
  11 gnolls
  2 shadow imps
  2 white imps
  2 adder skeletons (D:4)
  2 worms
  A dart slug (D:4)
  30 orcs
  6 ball pythons
  7 endoplasms
  7 giant cockroaches
  10 hobgoblins
  4 jackals (D:2)
  7 quokkas
  5 bats
  5 frilled lizards
  14 goblins
  12 kobolds
  8 rats
332 creatures vanquished.

Vanquished Creatures (others)
  43 fungi
  76 plants
  6 withered plants (D:8)
125 creatures vanquished.

Grand Total: 457 creatures vanquished

Notes
Turn   | Place    | Note
-------+----------+-------------------------------------------
     0 | D:1      | nelgraf2 the Draconian Transmuter began the quest for the
                  | Orb.
     0 | D:1      | Reached XP level 1. HP: 16/16 MP: 3/3
   383 | D:1      | Reached XP level 2. HP: 23/23 MP: 3/5
  1041 | D:2      | Reached XP level 3. HP: 27/28 MP: 6/6
  1284 | D:2      | Found a faded altar of an unknown god.
  2328 | D:3      | Reached XP level 4. HP: 22/35 MP: 8/8
  2455 | D:3      | Noticed Natasha
  2462 | D:3      | Killed Natasha
  3071 | D:3      | Reached skill level 4 in Unarmed Combat
  3130 | D:3      | Reached XP level 5. HP: 40/40 MP: 7/9
  3244 | D:3      | Noticed Natasha
  3256 | D:3      | Killed Natasha
  3666 | D:4      | Identified a scroll of acquirement
  3666 | D:4      | Acquired 798 gold pieces
  3991 | D:4      | Noticed a necrophage
  4007 | D:4      | Killed a necrophage
  4023 | D:4      | Noticed Sigmund
  4052 | D:3      | Reached XP level 6. HP: 35/48 MP: 9/11
  4230 | D:4      | Noticed Robin
  4250 | D:4      | Killed Robin
  4314 | D:4      | Killed Sigmund
  4315 | D:4      | Reached skill level 5 in Unarmed Combat
  4469 | D:4      | Your scales start taking on a dull iron-grey colour.
  4469 | D:4      | Reached XP level 7. HP: 45/53 MP: 11/13
  5120 | D:4      | Reached skill level 6 in Unarmed Combat
  5451 | D:5      | Entered Level 5 of the Dungeon
  5522 | D:5      | Noticed Blork the orc
  5722 | D:4      | Learned a level 2 spell: Wereblood
  5726 | D:4      | Learned a level 3 spell: Spider Form
  5794 | D:5      | Killed Blork the orc
  5940 | D:5      | Reached XP level 8. HP: 27/62 MP: 12/14
  6272 | D:5      | Found a staircase to the Ecumenical Temple.
  6344 | D:5      | Reached skill level 7 in Unarmed Combat
  6344 | D:5      | Reached skill level 5 in Spellcasting
  6367 | Temple   | Entered the Ecumenical Temple
  6373 | Temple   | Became a worshipper of Sif Muna the Loreminder
  6805 | D:5      | Found a burning altar of Makhleb.
  6941 | D:6      | Found a runed translucent door.
  6949 | D:6      | Noticed hatdisgam's ghost (novice OgBe)
  7027 | D:6      | Found Yrhaaq's Armour Emporium.
  7229 | Temple   | Killed hatdisgam's ghost
  7230 | Temple   | Reached skill level 8 in Unarmed Combat
  7230 | Temple   | Reached skill level 5 in Transmutations
  7230 | Temple   | Reached XP level 9. HP: 25/70 MP: 17/17
  7503 | D:5      | Learned a level 3 spell: Portal Projectile
  7508 | D:5      | Learned a level 4 spell: Ice Form
  7687 | D:6      | Noticed Eustachio
  7844 | D:6      | Killed Eustachio
  7845 | D:6      | Reached skill level 5 in Dodging
  7905 | D:6      | Reached skill level 9 in Unarmed Combat
  7908 | D:6      | Found Qurghase's Assorted Antiques.
  7909 | D:6      | Bought a +2 tower shield of protection for 279 gold pieces
  7934 | D:6      | Bought a glowing cloak for 195 gold pieces
  8478 | D:6      | Found Balimmos's Magic Scroll Boutique.
  8491 | D:6      | Bought a scroll of identify for 24 gold pieces
  8491 | D:6      | Bought a scroll of identify for 24 gold pieces
  8491 | D:6      | Bought a scroll of identify for 24 gold pieces
  8491 | D:6      | Bought a scroll of identify for 24 gold pieces
  8491 | D:6      | Bought a scroll of identify for 24 gold pieces
  8517 | D:6      | Reached skill level 1 in Shields
  8621 | D:6      | Found Iqiadaon's Magic Scroll Shoppe.
  8624 | D:6      | Bought a scroll of teleportation for 36 gold pieces
  8624 | D:6      | Bought a scroll of teleportation for 36 gold pieces
  8945 | D:7      | Reached * piety under Sif Muna
  9231 | D:7      | Noticed Pikel
  9274 | D:7      | Killed Pikel
  9275 | D:7      | Reached XP level 10. HP: 79/79 MP: 17/19
  9753 | D:7      | Found a stormy altar of Qazlal.
 10055 | D:8      | Noticed Grum
 10405 | D:8      | Killed Grum
 10439 | D:8      | Learned a level 5 spell: Blade Hands
 10646 | D:8      | Noticed a two-headed ogre
 11022 | D:7      | Upgraded the game from 0.28-a0-21-gf74fda84f9 to
                  | 0.28-a0-60-g54b5640690
 11963 | D:8      | Found an ancient bone altar of Kikubaaqudgha.
 12045 | D:8      | Found a blossoming altar of Fedhas.
 12663 | D:8      | Reached skill level 10 in Unarmed Combat
 12684 | D:8      | Reached ** piety under Sif Muna
 13173 | D:9      | Found a staircase to the Orcish Mines.
 13563 | D:9      | Found a staircase to the Lair.
 13899 | D:9      | Found Geetepp's Antique Armour Shoppe.
 13907 | D:9      | Bought a pair of encrusted gloves for 323 gold pieces
 13907 | D:9      | Identified the +3 pair of gloves of Ratuf {rC+ Int+4} (You
                  | bought it in a shop on level 9 of the Dungeon)
 13907 | D:9      | Bought a glowing hat for 238 gold pieces
 14412 | D:9      | Found a white marble altar of Elyvilon.
 14682 | Lair:1   | Entered Level 1 of the Lair of Beasts
 14725 | Lair:1   | Noticed a cane toad
 14744 | Lair:1   | Killed a cane toad
 14805 | Lair:1   | Noticed a black mamba
 15143 | Lair:1   | Killed a black mamba
 15144 | Lair:1   | Reached XP level 11. HP: 51/85 MP: 21/21
 15628 | Lair:1   | Reached skill level 11 in Unarmed Combat
 15870 | Lair:1   | Reached skill level 5 in Fighting
 16521 | Lair:1   | Noticed a boulder beetle
 16539 | Lair:1   | Killed a boulder beetle
 16664 | Lair:1   | Found the +3 pair of seven-league boots {Rampage+∞}
 17094 | Lair:2   | Reached skill level 12 in Unarmed Combat
 17112 | Lair:2   | Found a hole to the Spider Nest.
 17438 | Lair:2   | Identified the amulet "Josayx" {Acrobat Stlth+}
 17765 | Lair:2   | Reached *** piety under Sif Muna
 17959 | Lair:2   | Found a staircase to the Shoals.
 17965 | Lair:2   | Reached XP level 12. HP: 94/94 MP: 17/24
 18148 | Lair:3   | Noticed Emecuovvich's ghost (journeyman OgBe)
 18149 | Lair:3   | Noticed Ylye's ghost (journeyman NaTm)
 18150 | Lair:3   | Noticed mdk's ghost (journeyman DECj)
 18150 | Lair:3   | Noticed Rites's ghost (journeyman DjGl)
 18151 | Lair:3   | Found a runed translucent gate.
 18151 | Lair:3   | Found a runed translucent gate.
 18151 | Lair:3   | Found a runed translucent gate.
 18151 | Lair:3   | Noticed Ylye's ghost (journeyman NaTm)
 18744 | Lair:3   | Reached skill level 13 in Unarmed Combat
 19116 | Lair:4   | Noticed a five-headed hydra
 19128 | Lair:4   | Killed a five-headed hydra
 19258 | Lair:4   | Noticed an eight-headed hydra
 19430 | Lair:4   | Noticed a six-headed hydra
 19439 | Lair:4   | Killed a six-headed hydra
 19500 | Lair:4   | Reached **** piety under Sif Muna
 19828 | Lair:3   | Upgraded the game from 0.28-a0-60-g54b5640690 to
                  | 0.28-a0-69-g49dcd67cf8
 19941 | Lair:3   | HP: 1/94 [eight-headed hydra (11)]
 19941 | Lair:3   | Mangled by a yak

Illustrated notes

Levels and vault maps discovered:
D:1:      minmay_arrival_stone_box, layout_loops_cross
D:2:      layout_loops_ring, ebering_ecumenical_altar_hall, serial_bayou_pond_b
D:3:      layout_basic, uniq_natasha
D:4:      layout_basic, gup_sewer_entry_bubbles, uniq_robin, uniq_sigmund
D:5:      layout_rooms, minmay_temple_entry_large_hall, kennysheep_flooded_box,
          uniq_blork_the_orc
D:6:      layout_basic, serial_shops,
          nicolae_shop_temple_entry_statues_fountains, shop,
          nicolae_shop_behind_doors, shop, hellmonk_ghost_happy_afterlife,
          uniq_eustachio
D:7:      layout_basic, nicolae_qazlal_eye_of_the_storm, kennysheep_nub,
          uniq_pikel
D:8:      layout_loops_ring, grunt_temple_overflow_growth_and_decay, uniq_grum
D:9:      layout_layer_cave, kennysheep_little_box, due_lair_maze_entry_diamond,
          david_orc_3, serial_shops, nicolae_shop_stone
Temple:   eino_narrow_crystal_temple
Lair:1:   layout_chaotic_city, serial_forest, infiniplex_forest_clump_large,
          infiniplex_forest_lined_1, infiniplex_forest_lined_3_way,
          infiniplex_forest_clump_double, infiniplex_forest_straight_2,
          hellmonk_guarded_unrand_seven_league_boots, grunt_megastairs_3,
          infiniplex_staircase_pool
Lair:2:   beast_lair_carwin_large_1, layout_cave_shapes,
          elwin_shoals_entry_rooms, dummy_spider_entry, st_stairs_12,
          minivault_27, pond
Lair:3:   layout_regular_city, gammafunk_ghost_cemetery
Lair:4:   layout_small_grid, enter_volcano_1

Skill      XL: |  1  2  3  4  5  6  7  8  9 10 11 12 |
---------------+-------------------------------------+-----
Dodging        | 2 3 4 5 6 7 8 |  8.4
Spellcasting   | 3 4 5 6 8 9 |  9.3
Unarmed Combat | 4 5 6 8 9 10 12 13 | 13.5
Transmutations | 3 4 5 6 7 8 |  8.8
Fighting       | 2 3 4 5 |  5.5
Shields        | 2 4 |  4.4
Ice Magic      | |  0.3
Evocations     | |  0.2

Action                   |  1- 3 |  4- 6 |  7- 9 | 10-12 || total
-------------------------+-------+-------+-------+-------++-------
Melee: Unarmed           |   155 |   149 |   416 |   692 ||  1412
       Headbutt          |    18 |    11 |    65 |    67 ||   161
       Tailslap          |    13 |    11 |    64 |    85 ||   173
       Kick              |    16 |    32 |    90 |    90 ||   228
       Punch             |       |     2 |    10 |    31 ||    43
 Cast: Beastly Appendage |    32 |    22 |    45 |    48 ||   147
       Wereblood         |       |       |     5 |     3 ||     8
       Spider Form       |       |       |       |     3 ||     3
       Ice Form          |       |       |       |     4 ||     4
       Blade Hands       |       |       |       |    35 ||    35
 Abil: End Transformatio |       |       |       |     1 ||     1
Evoke: Wand              |       |       |     1 |     4 ||     5
  Use: Scroll            |       |     6 |     5 |    11 ||    22
       Potion            |       |     2 |     2 |     4 ||     8
 Stab: Sleeping          |     2 |       |       |       ||     2
Armor: Skin              |    48 |    41 |   149 |   314 ||   552
Dodge: Dodged            |   120 |    81 |   227 |   545 ||   973
Block: Tower shield      |       |       |    65 |     7 ||    72
       Other             |       |       |       |   173 ||   173
       Reflection        |       |       |       |     1 ||     1

Table legend: (Time is in decaauts)
 A = Elapsed time spent in this place.
 B = Non-inter-level travel time spent in this place.
 C = Inter-level travel time spent in this place.
 D = Time resting spent in this place.
 E = Time spent auto-exploring this place.
 F = Levels seen in this place.
 G = Mean time per level.
                   A        B        C        D        E       F      G
               +--------+--------+--------+--------+--------+-----+--------+
         Total |  19820 |  19504 |    316 |   5591 |   9788 |  14 | 1415.7 |
       Dungeon |  14728 |  14489 |    239 |   4389 |   7306 |   9 | 1636.4 |
        Temple |    442 |    442 |      0 |    412 |      0 |   1 |  442.0 |
          Lair |   4649 |   4572 |     77 |    790 |   2482 |   4 | 1162.2 |
               +--------+--------+--------+--------+--------+-----+--------+

Top non-repeatable levels by time:
     D:8: 2283 daAuts
     D:3: 2185 daAuts
     D:7: 2121 daAuts
     D:9: 2085 daAuts
     D:4: 1864 daAuts
  Lair:1: 1845 daAuts
  Lair:3: 1573 daAuts
     D:6: 1238 daAuts
     D:5: 1187 daAuts
  Lair:2: 965 daAuts
     D:1: 887 daAuts
     D:2: 873 daAuts
  Temple: 442 daAuts
  Lair:4: 264 daAuts
